 Dungeon Crawl Stone Soup version 0.17-a0-2127-g1cb09f6 (webtiles) character file.

2799 4thArraOfDagon the Cleaver (level 9, -4/144 HPs)
             Began as a Minotaur Gladiator on Oct 22, 2015.
             Slain by an orc knight
             ... wielding a +0 war axe
              (6 damage)
             ... in a bailey.
             The game lasted 00:13:52 (2175 turns).

4thArraOfDagon the Cleaver (Minotaur Gladiator)     Turns: 2175, Time: 00:13:52

Health: -4/144     AC: 24    Str: 21    XL:     9   Next: 43%
Magic:  11/11      EV:  2    Int: 14    God:
Gold:   335        SH:  0    Dex: 15    Spells: 1 memorised, 6 levels left

rFire  + . .     SeeInvis .     c - +9 battleaxe of Tasuocos {elec, Int+4}
rCold  + . .     Clarity  +     (armour currently unavailable)
rNeg   + + +     SustAt   .     (no shield)
rPois  +         Gourm    .     (helmet currently unavailable)
rElec  +         Spirit   .     (cloak currently unavailable)
rCorr  +         Warding  .     (gloves currently unavailable)
rMut   .         NoTele   +     (boots currently unavailable)
MR     .....                    h - amulet of clarity
Stlth  ++........               (no ring)
                                b - ring of poison resistance

@: agile, tree-form, resistant, very slightly contaminated, invisible, not
resistant to hostile enchantments, unstealthy
A: (retaliatory headbutt), (horns 0), (talons 0), clever 1, robust 2
a: no special abilities


You were in a bailey.
You were not hungry.
You were a tree.
You visited 2 branches of the dungeon, and saw 8 of its levels.
You also visited: Bailey.

You collected 335 gold pieces.

Inventory:

Hand Weapons
 c - the +9 battleaxe of Tasuocos (weapon) {elec, Int+4}
   (You acquired it in a bailey)

   Occasionally, upon striking a foe, it will discharge some electrical energy
   and cause terrible harm.
   It affects your intelligence (+4).
 o - a +1 broad axe
 p - a cursed -2 blowgun
 F - the +3 hand axe "Zionainn" {chop, rElec rF- MP+9 Int+4}
   (You took it off an orc in a bailey)

   It inflicts extra damage upon your enemies.
   It affects your intelligence (+4).
   It makes you vulnerable to fire.
   It insulates you from electricity.
   It affects your magic capacity (+9).
Missiles
 q - 21 poisoned needles
 v - 8 javelins (quivered)
Armour
 k - a +0 chain mail (melded)
 r - a +2 pair of gloves (melded)
 u - a +0 cloak (melded)
 y - a +1 hat (melded)
Rods
 A - a +4 iron rod (11/11)
   (You took it off a goblin in a bailey)
Jewellery
 b - a ring of poison resistance (left branch)
 h - an amulet of clarity (around neck)
Wands
 g - a wand of polymorph (2)
 t - a wand of paralysis (15)
Scrolls
 n - 3 scrolls of remove curse
Potions
 a - 2 potions of brilliance
 i - 4 potions of curing
 l - a potion of agility
 E - a potion of ambrosia
Books
 s - a book of Air

   Spells                             Type                      Level
   a - Shock                          Conjuration/Air              1
   b - Swiftness                      Charms/Air                   2
   c - Repel Missiles                 Charms/Air                   2
   d - Static Discharge               Conjuration/Air              3
   e - Lightning Bolt                 Conjuration/Air              5
 x - a book of Burglary

   Spells                             Type                      Level
   a - Swiftness                      Charms/Air                   2
   b - Passwall                       Transmutation/Earth          3
   c - Passage of Golubria            Translocation                4
   d - Lee's Rapid Deconstruction     Earth                        5
   e - Darkness                       Hexes                        6
   f - Invisibility                   Hexes                        6
 D - a book of Callings

   Spells                             Type                      Level
   a - Summon Small Mammal            Summoning                    1
   b - Call Imp                       Summoning                    2
   c - Call Canine Familiar           Summoning                    3
   d - Summon Guardian Golem          Hexes/Summoning              3
   e - Summon Lightning Spire         Summoning/Air                4
   f - Summon Ice Beast               Ice/Summoning                4
Comestibles
 e - 6 bread rations
 w - a meat ration
 G - 7 chunks of flesh


   Skills:
 + Level 7.7 Fighting
 * Level 10.8 Axes
 - Level 2.0 Throwing
 + Level 6.8 Armour
 - Level 3.2 Dodging
   Level 4.7 Invocations


You had 6 spell levels left.
You knew the following spells:

 Your Spells              Type           Power        Failure   Level  Hunger
a - Repel Missiles        Chrm/Air       #.....       43%         2    ###....


Dungeon Overview and Level Annotations

Branches:
Dungeon (7/15)             Temple (1/1) D:5

Altars:
Dithmenos
Elyvilon
Fedhas
Okawaru
Qazlal
Sif Muna
Trog
Vehumet
Xom
The Shining One

Shops:
D:4 :

Annotations:
D:2 1 exclusion


Innate Abilities, Weirdness & Mutations

((You reflexively headbutt those who attack you in melee.))
((You have a pair of horns on your head.))
((You have sharp toenails.))
Your mind is acute. (Int +2)
You are very robust (+20% HP).


Message History

The orc knight hits you with a war axe!
* * * LOW HITPOINT WARNING * * *
Unknown command.
Unknown command.
Unknown command.
You slice the orc knight!!
The orc knight is severely wounded.
You hit the orc knight but do no damage.
There is a sudden explosion of sparks!
The orc knight is severely wounded.
You strike the helpless orc warrior from behind!
You hit the orc warrior.
You kill the orc warrior!
You barely miss the orc warrior.
The orc warrior is heavily wounded.
You barely miss the orc warlord.
The orc warlord is moderately wounded.
The orc warlord hits you but does no damage.
The orc knight hits you with a war axe.
You die...

..))...##.. ##.......##
........#... .. #....)....#
........###...###.........##
...⌠.....###'###...).⌠.....#
........##88.88##..)......##
....)[..#.......#.........#
.......##.......##)......##
.....))'.....ogoo'.......#
#....)##......oo♣##.....##
#######..)..⌠..)o.#######
##)........## #.........#
##.......## #..[....#
##..∩..## #######


You could see an orc warlord, 2 orc knights, 3 orc warriors and a goblin.

Vanquished Creatures
  A spriggan (D:7)
  A yak (Bailey)
  A hungry ghost (D:7)
  2 sky beasts
  A phantom (D:4)
  An ogre (D:7)
  6 orc warriors (Bailey)
  4 centaurs
  A gnoll sergeant (D:7)
  3 scorpions
  3 wights (D:6)
  3 crimson imps
  A centaur zombie (D:5)
  2 orc priests (D:7)
  Ijyb (D:2)
  Jessica (D:2)
  A hound (D:5)
  Natasha (twice) (D:2)
  3 orc wizards (D:7)
  3 worker ants
  Robin (D:4)
  5 adders
  18 gnolls
  A shadow imp (D:7)
  An ooze (D:2)
  A worm (D:2)
  2 giant geckos
  25 orcs
  A giant cockroach (D:3)
  22 goblins
  14 hobgoblins
  3 jackals
  3 quokkas
  A giant newt (D:5)
  A jackal zombie (D:6)
  2 kobolds (D:3)
  3 rats
145 creatures vanquished.

Notes
Turn   | Place    | Note
--------------------------------------------------------------
     0 | D:1      | 4thArraOfDagon the Minotaur Gladiator began the quest for the Orb.
     0 | D:1      | Reached XP level 1. HP: 18/18 MP: 0/0
    14 | D:2      | Noticed Natasha
    27 | D:2      | Killed Natasha
    27 | D:2      | Reached skill level 4 in Axes
    27 | D:2      | Reached skill level 1 in Armour
    27 | D:2      | Reached XP level 2. HP: 25/25 MP: 1/1
    96 | D:2      | Noticed Ijyb
   103 | D:2      | Killed Ijyb
   103 | D:2      | Reached XP level 3. HP: 27/31 MP: 2/2
   109 | D:2      | Noticed Natasha
   113 | D:2      | Killed Natasha
   118 | D:2      | Noticed Jessica
   124 | D:2      | Killed Jessica
   124 | D:2      | Reached skill level 5 in Axes
   124 | D:2      | Reached XP level 4. HP: 13/38 MP: 3/3
   328 | D:3      | Found a shadowy altar of Dithmenos.
   493 | D:4      | Noticed a phantom
   496 | D:4      | Noticed Robin
   498 | D:4      | Reached XP level 5. HP: 46/46 MP: 4/4
   503 | D:4      | Killed Robin
   535 | D:4      | Killed a phantom
   535 | D:4      | Reached skill level 6 in Axes
   591 | D:5      | Entered Level 5 of the Dungeon
   604 | D:5      | Reached XP level 6. HP: 32/52 MP: 5/5
   669 | D:5      | Found a staircase to the Ecumenical Temple.
   676 | Temple   | Entered the Ecumenical Temple
   721 | Temple   | ehh
   721 | Temple   | Became a worshipper of the Shining One
   839 | D:5      | Found a bloodstained altar of Trog.
   850 | D:5      | Found an iron altar of Okawaru.
   855 | D:5      | Reached skill level 1 in Invocations
   856 | D:5      | Found a radiant altar of Vehumet.
   939 | D:5      | Noticed a sky beast
   968 | D:4      | Found Lustrul's Book Boutique.
  1078 | D:5      | Reached skill level 7 in Axes
  1164 | D:6      | Reached * piety under the Shining One
  1164 | D:6      | Reached XP level 7. HP: 57/60 MP: 5/7
  1222 | D:5      | Noticed a sky beast
  1233 | D:5      | Killed a sky beast
  1233 | D:5      | Reached skill level 5 in Fighting
  1254 | D:5      | Gained mutation: You are robust (+10% HP). [potion of mutation]
  1254 | D:5      | Gained mutation: You have sharp toenails. [potion of mutation]
  1254 | D:5      | Gained mutation: Your mind is acute. (Int +2) [potion of mutation]
  1329 | D:6      | Reached skill level 8 in Axes
  1329 | D:6      | Reached skill level 5 in Armour
  1345 | D:6      | Reached XP level 8. HP: 60/77 MP: 8/8
  1461 | D:7      | Learned a level 2 spell: Repel Missiles
  1490 | D:7      | Reached skill level 9 in Axes
  1550 | D:7      | Found a flagged portal.
  1621 | Bailey   | Entered a bailey
  1676 | Bailey   | Reached XP level 9. HP: 59/86 MP: 9/11
  1781 | Bailey   | Reached skill level 10 in Axes
  2043 | Bailey   | Got a slimy hand axe {chop}
  2061 | Bailey   | Identified the +3 hand axe "Zionainn" {chop, rElec rF- MP+9 Int+4} (You took it off an orc in a bailey)
  2122 | Bailey   | Noticed an orc knight
  2146 | Bailey   | Noticed an orc warlord
  2146 | Bailey   | Reached ** piety under the Shining One
  2154 | Bailey   | Noticed an orc knight
  2154 | Bailey   | Gained mutation: You are very robust (+20% HP). [potion of beneficial mutation]
  2156 | Bailey   | Was placed under penance by the Shining One
  2162 | Bailey   | Fell from the grace of the Shining One
  2171 | Bailey   | Identified a scroll of acquirement
  2172 | Bailey   | Got a crystal battleaxe
  2173 | Bailey   | Identified the +9 battleaxe of Tasuocos {elec, Int+4} (You acquired it in a bailey)
  2174 | Bailey   | HP: 2/144 [orc knight/war axe (10)]
  2175 | Bailey   | Slain by an orc knight

Vault maps used:
D:1:      dpeg_arrival_fog, serial_park_tiny_2
D:2:      nicolae_ru_awakened_eye, serial_forest, infiniplex_forest_clump_cross,
          infiniplex_forest_corner_1, infiniplex_forest_join,
          infiniplex_forest_straight_2, okawaru_altar_gauntlet_db, uniq_iyjb,
          uniq_jessica, uniq_natasha
D:3:      first_bread, grunt_dithmenos_smoke_and_mirrors
D:4:      serial_shops, shop, uniq_robin
D:5:      grunt_temple_overflow_bloody_war, vehumet_altar_wand_db, temple_green
D:6:      cheibriados_altar_1, uniq_grinder
D:7:      makhleb_grotto_becter, lemuel_crystal_altar, enter_bailey_2,
          the_bakery, lemuel_centaur_altar
Temple:   nicolae_temple_hex_pool
Bailey:   bailey_axe_minmay_hex_keep, bailey

Action                   |  1- 3 |  4- 6 |  7- 9 || total
-------------------------+-------+-------+-------++-------
Melee: War axe           |    17 |    13 |       ||    30
       Unarmed           |     1 |     4 |       ||     5
       Broad axe         |       |    99 |   188 ||   287
       Battleaxe         |       |       |     2 ||     2
Throw: Throwing net      |     1 |       |     3 ||     4
Invok: Divine Shield     |       |       |     1 ||     1
Evoke: Wand              |       |       |     8 ||     8
  Use: Scroll            |       |     4 |    10 ||    14
       Potion            |       |       |    11 ||    11
 Stab: Held in net/web   |     1 |       |       ||     1
       Invisible         |       |       |     6 ||     6
  Eat: Chunk             |       |     1 |     6 ||     7
       Royal jelly       |       |       |     1 ||     1
